 Dungeon Crawl Stone Soup version 0.25-a0-589-g1e14c549ee (webtiles) character file.

Game seed: 18247080677406188051, levelgen mode: deterministic

186 An17 the Sneak (level 5, -9/28 HPs)
             Began as a Vampire Enchanter on Mar 11, 2020.
             Mangled by Grinder (10 damage)
             ... on level 3 of the Dungeon.
             The game lasted 00:09:05 (2092 turns).

An17 the Sneak (Vampire Enchanter)                  Turns: 2092, Time: 00:09:06

Health: -9/28      AC:  3    Str:  7    XL:     5   Next: 38%
Magic:  8/8        EV: 12    Int: 18    God:
Gold:   91         SH:  0    Dex: 15    Spells: 1/9 levels left

rFire    . . .     SeeInvis +   a - +2 dagger
rCold    + + .     Gourm    .   (no shield)
rNeg     + + +     Faith    .   c - +0 leather armour
rPois    ∞         Spirit   .   (no helmet)
rElec    .         Reflect  .   (no cloak)
rCorr    .         Harm     .   (no gloves)
MR       .....                  (no boots)
Stlth    +++++.....             (no amulet)
HPRegen  0.00/turn              (no ring)
MPRegen  0.11/turn              (no ring)

@: confusing touch, bloodless
A: no food, fangs 3, see invisible, unbreathing
a: Bat Form, Revivify


You were on level 3 of the Dungeon.
You were bloodless.

You visited 1 branch of the dungeon, and saw 3 of its levels.

You collected 91 gold pieces.

Inventory:

Hand Weapons
 a - a +2 dagger (weapon)
Missiles
 e - 12 poisoned darts (quivered)
Armour
 c - a +0 leather armour (worn)
Wands
 b - a wand of digging (6)
Scrolls
 d - 2 scrolls of remove curse
 f - a scroll of immolation
 h - 5 scrolls of teleportation
Potions
 g - a potion of ambrosia {unknown}


   Skills:
 + Level 0.9 Fighting
 + Level 2.5 Short Blades
 + Level 2.7 Dodging
 + Level 6.8 Stealth
 + Level 2.5 Spellcasting
 + Level 5.2 Hexes
 + Level 0.7 Ice Magic


You had one spell level left.
You knew the following spells:

 Your Spells              Type           Power        Failure   Level  Hunger
a - Confusing Touch       Hex            ###.....     9%          3    N/A
b - Ensorcelled Hibernat  Hex/Ice        ##....       12%         2    N/A
c - Tukima's Dance        Hex            ###.....     9%          3    N/A

Your spell library contained the following spells:

 Spells                   Type           Power        Failure   Level  Hunger
 Corona                   Hex            ###....      3%          1    N/A
 Dazzling Flash           Conj/Hex       ##....       26%         3    N/A

Dungeon Overview and Level Annotations

Branches:
Dungeon (3/15)

Altars:

Annotations:
D:3 Grinder


Innate Abilities, Weirdness & Mutations

You do not eat.
You do not regenerate when monsters are visible.
You are frail without blood (-20% HP).
You can heal yourself when you bite living creatures.
You are immune to poison.
You have razor-sharp teeth.
You have supernaturally acute eyesight. (SInv)
You can survive without breathing.


Message History

Grinder seems less confused.
Grinder closely misses you.
You barely miss Grinder.
Grinder is severely wounded.
Grinder says, "FISH!"
Grinder completely misses you.
You hit Grinder but do no damage.
Grinder is severely wounded.
Grinder barely misses you.
Casting: Confusing Touch (safe; 9% risk of failure)
Confirm with . or Enter, or press ? or * to list all spells.
Your hands begin to glow red.
Grinder grins, showing sharp teeth.
Grinder hits you.
* * * LOW HITPOINT WARNING * * *
You closely miss Grinder.
Grinder is severely wounded.
Grinder hits you.
* * * LOW HITPOINT WARNING * * *
It was a potion of magic.
Magic courses through your body. Grinder hits you!
You die...

# .. #. .. ##.# #. .....#.
#.#.#. .. .#..... ..
.......######## ..
#...)..5@##.####
#.#...###.#...#.##
......#.##........########
#
##.##....................#
### #
#.#.##......#.######.# ....
......#...#.## #)# #...
###.########## #.#
#...#######...........#####
#.#
#.........#.#.#..##.......#
#.#


You could see Grinder.

Vanquished Creatures
  A bullfrog (D:3)
  3 adders
  An ooze (D:2)
  2 worms
  A dart slug (D:2)
  5 leopard geckos
  5 orcs (D:3)
  A ball python (D:2)
  2 bats (D:2)
  2 giant cockroaches (D:2)
  10 goblins
  7 hobgoblins
  10 jackals
  2 quokkas
  4 frilled lizards
  6 kobolds
  7 rats
69 creatures vanquished.

Notes
Turn   | Place    | Note
-------+----------+-------------------------------------------
     0 | D:1      | An17 the Vampire Enchanter began the quest for the Orb.
     0 | D:1      | Reached XP level 1. HP: 13/13 MP: 3/3
    69 | D:1      | Reached XP level 2. HP: 9/19 MP: 5/5
    73 | D:1      | Learned a level 2 spell: Ensorcelled Hibernation
   699 | D:1      | Reached skill level 5 in Hexes
   745 | D:2      | Reached XP level 3. HP: 19/19 MP: 6/6
   750 | D:2      | Learned a level 3 spell: Tukima's Dance
  1157 | D:2      | Reached skill level 5 in Stealth
  1178 | D:2      | Reached XP level 4. HP: 24/24 MP: 7/7
  1326 | D:2      | Found a faded altar of an unknown god.
  1907 | D:3      | Reached skill level 6 in Stealth
  2020 | D:3      | Noticed a bullfrog
  2023 | D:3      | Killed a bullfrog
  2023 | D:3      | Reached XP level 5. HP: 28/28 MP: 8/8
  2028 | D:3      | Learned a level 3 spell: Confusing Touch
  2061 | D:3      | Noticed Grinder
  2091 | D:3      | HP: 1/28 [Grinder (2)]
  2092 | D:3      | Mangled by Grinder

Levels and vault maps discovered:
D:1:      psy_arrival_whirlpool, layout_loops_ring, hex_tiny
D:2:      layout_basic, chequers_ecumenical_altar_island
D:3:      layout_loops_cross, uniq_grinder

Skill      XL: |  1  2  3  4 |
---------------+-------------+-----
Hexes          | 5 |  5.2
Short Blades   | 2 |  2.5
Stealth        | 5 6 |  6.8
Fighting       | |  0.9
Dodging        | |  2.7
Spellcasting   | |  2.5
Ice Magic      | |  0.7

Action                   |  1- 3 |  4- 6 || total
-------------------------+-------+-------++-------
Melee: Dagger            |   152 |    81 ||   233
       Bite              |    10 |     7 ||    17
 Cast: Corona            |     3 |       ||     3
       Ensorcelled Hiber |    11 |     8 ||    19
       Confusing Touch   |       |     2 ||     2
 Abil: Exsanguinate      |     2 |       ||     2
  Use: Scroll            |     5 |     2 ||     7
       Potion            |       |     1 ||     1
 Stab: Sleeping          |    20 |    19 ||    39
       Confused          |       |     1 ||     1
Armor: Robe              |    16 |       ||    16
       Leather armour    |     4 |     8 ||    12
Dodge: Dodged            |   112 |    28 ||   140

Table legend:
 A = Non-vault XP
 B = Vault XP
 C = Vault XP percentage of total XP
 D = Non-vault monster count
 E = Vault monster count
 F = Vault count percentage of total count
                 A         B        C        D         E       F
            +---------+---------+-------+---------+---------+-------
      Total |     266 |       0 |   0.0 |      69 |       0 |   0.0
            +---------+---------+-------+---------+---------+-------
        D:1 |      37 |       0 |   0.0 |      21 |       0 |   0.0
        D:2 |      72 |       0 |   0.0 |      27 |       0 |   0.0
        D:3 |     157 |       0 |   0.0 |      21 |       0 |   0.0
            +---------+---------+-------+---------+---------+-------
